 Dungeon Crawl Stone Soup version 0.32-a0-913-g739538afd8 (webtiles) character file.

Game seed: 15319962564461555255

261 LydaLydish the Chopper (level 5, 0/42 HPs)
             Began as a Demonspawn Berserker on Apr 8, 2024.
             Was a Priest of Trog.
             Killed by divine providence
             ... invoked by an orc priest
              (13 damage)
             ... on level 4 of the Dungeon.
             The game lasted 00:14:23 (2792 turns).

LydaLydish the Chopper (Demonspawn Berserker)       Turns: 2792, Time: 00:14:24

Health: 0/42       AC:  9    Str: 19    XL:     5   Next: 96%
Magic:  5/5        EV:  7    Int:  7    God:    Trog [***...]
Gold:   162        SH:  0    Dex: 13    Spells: 4/4 levels left

rFire   . . .        a - +0 hand axe
rCold   . . .        (no shield)
rNeg    . . .        i - +0 chain mail
rPois   .            (no helmet)
rElec   .            (no cloak)
rCorr   .            (no gloves)
SInv    +            (no boots)
Will    .....        (no amulet) Stlth
                     c - ring of see invisible
HPRegen 0.27/turn    (no ring)
MPRegen 0.09/turn

%: no passive effects
@: no status effects
A: hooves 2, demonic guardian 1
a: Renounce Religion, Berserk, Trog's Hand


You were on level 4 of the Dungeon.
You worshipped Trog.
Trog was most pleased with you.
You visited 1 branch of the dungeon, and saw 4 of its levels.

You collected 162 gold pieces.

Inventory:

Hand Weapons
 a - a +0 hand axe (weapon)
Armour
 b - a +0 animal skin
 i - a +0 chain mail (worn)
Jewellery
 c - a ring of see invisible (left hand)
 f - a +4 ring of protection
 k - a ring of positive energy
 o - a ring of willpower
Wands
 l - a wand of iceblast (12)
Scrolls
 j - a scroll of poison {unknown}
 m - a scroll of blinking {unknown}
 p - a scroll of fear {unknown}
 r - a scroll of noise {unknown}
 s - a scroll of vulnerability {unknown}
Potions
 d - 3 potions of curing {unknown}
 e - a potion of invisibility {unknown}
 g - 3 potions of attraction {unknown}
 h - a potion of resistance {unknown}
 n - a potion of berserk rage {unknown}
 q - a potion of heal wounds {unknown}


   Skills:
 + Level 4.2 Fighting
 + Level 4.5 Axes
 + Level 2.7 Armour
 + Level 2.5 Dodging


You had 4 spell levels left.
You didn't know any spells.
Your spell library was empty.

Dungeon Overview and Level Annotations

Branches:
Dungeon (4/15)
 Temple: D:4-7

Altars:

Shops:
D:3 [


Innate Abilities, Weirdness & Mutations

You have hoof-like feet.
A weak demonic guardian rushes to your aid.


Message History

The iguana barely misses your shadow imp.
The orc hits you but does no damage. Something hits your shadow imp.
Your shadow imp dies!
Your shadow imp disappears in a puff of smoke!
You barely miss the orc.
The orc is heavily wounded.
The iguana hisses angrily.
The orc closely misses you.
You barely miss the orc.
The orc is heavily wounded.
The orc hits you with a +0 whip.
You hit the orc.
The orc is severely wounded.
The orc priest calls upon Beogh to heal the orc.
The orc's wounds heal themselves!
You hit the iguana but do no damage. Your kick misses the iguana.
The iguana is severely wounded.
The orc priest looks braver for a moment.
You hit the iguana.
The iguana is almost dead.
The iguana closely misses you.
You hit the iguana but do no damage. You kick the iguana.
You kill the iguana!
Trog accepts your kill.
You hit the orc. You kick the orc.
The orc is severely wounded.
You hit the orc priest.
You kick the orc priest, but do no damage.
The orc priest is lightly wounded.
You hit the orc. The orc hits you but does no damage.
The orc priest hits you with a +0 whip.
You hit the orc priest but do no damage.
You kick the orc priest.
The orc priest is heavily wounded.
You hit the orc.
You kill the orc!
Trog accepts your kill.
The orc priest calls down the wrath of Beogh upon you.
Beogh smites you!
You die...

#....# # ###..### # #...## #
#######.### # #.......# #
#.......# # #.# #.......# #
# .. ##.......# .## .##.##
#@).###### ... ....# #o###
### # #..###w##### ...
#..#..K##..#### ######
.....#.w5..###..'..####..#..
.....K..o#.# #..#........#.#
...>.#.#)#.###.†#...).)..#.#
.... #...#.##...#..##'#..#..
# #...#.##...####..######


You could see a ribbon worm, an orc priest and a kobold.

Vanquished Creatures
  Pargi (D:3)
  A sleepcap (D:4)
  An iguana (D:4)
  3 adders
  3 dart slugs
  2 orcs
  7 bats
  4 endoplasms
  2 giant cockroaches
  8 goblins
  12 hobgoblins
  4 jackals (D:2)
  5 kobolds
  A quokka (D:1)
  8 ball pythons
  A frilled lizard (D:1)
  7 rats
70 creatures vanquished.

Vanquished Creatures (collateral kills)
  An orc (D:3)
  A hobgoblin (D:3)
2 creatures vanquished.

Grand Total: 72 creatures vanquished

Notes
Turn   | Place    | Note
-------+----------+-------------------------------------------
     0 | D:1      | LydaLydish the Demonspawn Berserker began the quest for the
                  | Orb.
     0 | D:1      | Reached XP level 1. HP: 18/18 MP: 1/1
   107 | D:1      | Discovered your monstrous ancestry.
   107 | D:1      | Gained mutation: You have large cloven feet. [demonic
                  | ancestry]
   107 | D:1      | Reached XP level 2. HP: 8/24 MP: 2/2
   405 | D:1      | Gained mutation: You have hoof-like feet. [demonic
                  | ancestry]
   405 | D:1      | Reached XP level 3. HP: 23/29 MP: 3/3
   743 | D:1      | Reached ** piety under Trog
  1837 | D:3      | Reached XP level 4. HP: 37/37 MP: 4/4
  1901 | D:3      | Noticed Pargi
  1915 | D:3      | Killed Pargi
  1916 | D:3      | Gained mutation: A weak demonic guardian rushes to your
                  | aid. [demonic ancestry]
  1916 | D:3      | Reached XP level 5. HP: 42/42 MP: 5/5
  1984 | D:3      | Found Keryren's Armour Emporium.
  2682 | D:4      | Reached *** piety under Trog
  2792 | D:4      | Killed from afar by an orc priest

Illustrated notes

Levels and vault maps discovered:
D:1:      dpeg_arrival_rooms_c, layout_loops_ring, minmay_misc_feat_chi,
          minmay_tetromino_l4
D:2:      layout_loops_corners, st_stairs_6
D:3:      layout_loops_ring, serial_shops, shop_fountains,
          kennysheep_generic_room_16, uniq_pargi
D:4:      minmay_chambers_of_twos, layout_basic, minmay_temple_entry_offerings,
          hellmonk_ghost_happy_afterlife, corexii_hall_statues_i, st_stairs_3,
          uniq_robin, uniq_grinder

Skill      XL: |  1  2  3  4 |
---------------+-------------+-----
Axes           | 3 4 |  4.5
Dodging        | 2 |  2.5
Armour         | 2 |  2.7
Fighting       | 4 |  4.2

Action                     |  1- 3 |  4- 6 || total
---------------------------+-------+-------++-------
  Melee: Hand axe          |   107 |    82 ||   189
         Kick              |    18 |    25 ||    43
 Invoke: Berserk           |       |     2 ||     2
    Use: Scroll            |     2 |       ||     2
   Stab: Sleeping          |     1 |       ||     1
 Armour: Animal skin       |    68 |       ||    68
         Chain mail        |    23 |    71 ||    94
  Dodge: Dodged            |    47 |    24 ||    71

Table legend: (Time is in decaauts)
 A = Elapsed time spent in this place.
 B = Non-inter-level travel time spent in this place.
 C = Inter-level travel time spent in this place.
 D = Time resting spent in this place.
 E = Time spent auto-exploring this place.
 F = Levels seen in this place.
 G = Mean time per level.
                   A        B        C        D        E       F      G
               +--------+--------+--------+--------+--------+-----+--------+
         Total |   2821 |   2773 |     48 |    280 |   1928 |   4 |  705.2 |
       Dungeon |   2821 |   2773 |     48 |    280 |   1928 |   4 |  705.2 |
               +--------+--------+--------+--------+--------+-----+--------+

Top non-repeatable levels by time:
     D:1: 922 daAuts
     D:2: 840 daAuts
     D:3: 685 daAuts
     D:4: 373 daAuts
